 Dungeon Crawl Stone Soup version 0.29-a0-9-g022ca4c890 (webtiles) character file.

Game seed: 5854705206998651462

119 dolemite99 the Poker (level 5, -2/47 HPs)
             Began as a Gnoll Chaos Knight on Jan 28, 2022.
             Was a Plaything of Xom.
             Slain by an orc (4 damage)
             ... on level 3 of the Dungeon.
             The game lasted 00:01:56 (1508 turns).

dolemite99 the Poker (Gnoll Chaos Knight)           Turns: 1508, Time: 00:01:56

Health: -2/47      AC: 11    Str: 14    XL:     5   Next: 3%
Magic:  6/6        EV:  7    Int: 11    God:    Xom [..*...]
Gold:   102        SH:  0    Dex: 11    Spells: 6/6 levels left

rFire   + + +      SeeInvis +   a - +10 morningstar of Shrieking Terror {elec, rF++ rC+}
rCold   + + .      Faith    .   (no shield)
rNeg    . . .      Spirit   .   f - +0 chain mail
rPois   +          Reflect  .   (no helmet)
rElec   +          Harm     .   (no cloak)
rCorr   +          Rampage  .   (no gloves)
Will    .....                   k - +1 pair of boots
Stlth   ..........              (no amulet)
HPRegen 0.15/turn               e - ring of see invisible
MPRegen 0.10/turn               (no ring)

@: lethally poisoned (-2 -> -5), resistant
A: fangs 1, strong nose, distributed training
a: Renounce Religion


You were on level 3 of the Dungeon.
You worshipped Xom.
You were a toy of Xom.
You visited 1 branch of the dungeon, and saw 3 of its levels.

You collected 102 gold pieces.

Inventory:

Hand Weapons
 a - the +10 morningstar of Shrieking Terror (weapon) {elec, rF++ rC+}
   (You found it on level 3 of the Dungeon)

   It occasionally discharges a powerful burst of electricity upon striking a
   foe.
   rF:        It greatly protects you from fire.
   rC:        It protects you from cold.
 b - a +0 spear of chaos
Armour
 f - a +0 chain mail (worn)
 k - a +1 pair of boots (worn)
Jewellery
 e - a ring of see invisible (left hand)
 g - a +4 ring of evasion
Scrolls
 d - a scroll of silence {unknown}
 j - a scroll of fog
Potions
 i - a potion of cancellation
 m - a potion of attraction


   Skills:
 + Level 6.6 Fighting
 + Level 1.3 Short Blades
 + Level 1.3 Long Blades
 + Level 1.3 Axes
 + Level 1.3 Maces & Flails
 + Level 6.6 Polearms
 + Level 1.3 Staves
 + Level 1.3 Slings
 + Level 1.3 Bows
 + Level 1.3 Crossbows
 + Level 1.3 Throwing
 + Level 4.7 Armour
 + Level 2.8 Dodging
 + Level 1.3 Stealth
 + Level 1.3 Shields
 + Level 1.3 Unarmed Combat
 + Level 1.3 Spellcasting
 + Level 1.0 Conjurations
 + Level 1.0 Hexes
 + Level 1.0 Summonings
 + Level 1.0 Necromancy
 + Level 1.0 Translocations
 + Level 1.0 Transmutations
 + Level 1.0 Fire Magic
 + Level 1.0 Ice Magic
 + Level 1.0 Air Magic
 + Level 1.0 Earth Magic
 + Level 1.0 Poison Magic
 + Level 1.4 Invocations
 + Level 1.3 Evocations


You had 6 spell levels left.
You didn't know any spells.
Your spell library contained the following spells:

 Spells                   Type           Power      Damage    Failure   Level
 Animate Skeleton         Necr           6%         N/A       99%         1
 Apportation              Tloc           6%         N/A       99%         1
 Summon Small Mammal      Summ           12%        N/A       99%         1


Dungeon Overview and Level Annotations

Branches:
Dungeon (3/15)

Altars:

Shops:
D:2 (


Innate Abilities, Weirdness & Mutations

You have very sharp teeth.
Your uncanny sense of smell can sniff out nearby items.
Your experience applies equally to all skills.


Message History

You hit the orc wizard but do no damage.
You drain the orc wizard.
The orc wizard is moderately wounded.
You feel sick.
The orc priest invokes the aid of Beogh against you.
Beogh smites you!
* * * LOW HITPOINT WARNING * * *
The orc wizard hits you with a +0 dagger.
* * * LOW HITPOINT WARNING * * *
You feel protected.
* * * LOW HITPOINT WARNING * * *
You feel sick.
The orc wizard hits you but does no damage.
You hit the orc wizard but do no damage.
Lightning courses through the orc wizard!!
You kill the orc wizard!
* * * LOW HITPOINT WARNING * * *
You feel sick.
You have reached level 5!
You hit the orc.
The orc is poisoned.
Your punch misses the orc.
The orc is heavily wounded.
* * * LOW HITPOINT WARNING * * *
You feel sick. The orc hits you but does no damage.
A dart slug comes into view.
Okay, then.
You hit the orc but do no damage.
The orc looks even sicker.
The orc is heavily wounded.
You hear the rusting of a very distant drain.
* * * LOW HITPOINT WARNING * * *
You feel sick. The orc barely misses you.
You closely miss the orc.
The orc is heavily wounded.
* * * LOW HITPOINT WARNING * * *
You feel sick.
You hear the crackle of electricity.
a - the +10 morningstar of Shrieking Terror (weapon)
{elec, rF++ rC+}
* * * LOW HITPOINT WARNING * * *
You feel sick. The orc hits you with a +0 flail.
You die...
Xom snickers!

### ### ##...
...##
#.....#####.....#
#....oo@..†.....#
#.....##'##.....#
##..w##...##...##
##.##.....##.## #
#...)[..# #
#..).[..#
#....†..#
##.....## ##...##


You could see an orc priest, a dart slug and an orc (very poisoned).

Vanquished Creatures
  A hound (D:3)
  An orc wizard (D:3)
  2 adders
  A dart slug (D:2)
  2 orcs (D:3)
  4 bats
  2 endoplasms (D:2)
  A giant cockroach (D:1)
  4 goblins
  3 hobgoblins
  2 quokkas
  7 ball pythons
  5 frilled lizards
  4 kobolds
  4 rats
43 creatures vanquished.

Notes
Turn   | Place    | Note
-------+----------+-------------------------------------------
     0 | D:1      | dolemite99 the Gnoll Chaos Knight began the quest for the
                  | Orb.
     0 | D:1      | Reached XP level 1. HP: 23/23 MP: 1/1
   303 | D:1      | XOM: divination: magic mapping
   308 | D:1      | Reached XP level 2. HP: 26/29 MP: 2/2
   499 | D:1      | Found a faded altar of an unknown god.
   522 | D:1      | XOM: divination: detect creatures
   680 | D:1      | XOM: divination: magic mapping
   915 | D:2      | Reached XP level 3. HP: 35/35 MP: 3/3
   976 | D:2      | Found Kysoisua's Antique Weapon Emporium.
  1135 | D:2      | Reached skill level 1 in Invocations
  1337 | D:3      | XOM: 1-stop teleportation journey
  1338 | D:3      | Identified the +10 morningstar of Shrieking Terror {elec,
                  | rF++ rC+}
  1342 | D:3      | Reached skill level 1 in Short Blades
  1342 | D:3      | Reached skill level 1 in Long Blades
  1342 | D:3      | Reached skill level 1 in Axes
  1342 | D:3      | Reached skill level 1 in Maces & Flails
  1342 | D:3      | Reached skill level 1 in Staves
  1342 | D:3      | Reached skill level 1 in Slings
  1342 | D:3      | Reached skill level 1 in Bows
  1342 | D:3      | Reached skill level 1 in Crossbows
  1342 | D:3      | Reached skill level 1 in Throwing
  1342 | D:3      | Reached skill level 1 in Stealth
  1342 | D:3      | Reached skill level 1 in Shields
  1342 | D:3      | Reached skill level 1 in Unarmed Combat
  1342 | D:3      | Reached skill level 1 in Spellcasting
  1342 | D:3      | Reached skill level 1 in Evocations
  1343 | D:3      | Reached XP level 4. HP: 33/41 MP: 5/5
  1353 | D:3      | Reached skill level 1 in Conjurations
  1353 | D:3      | Reached skill level 1 in Hexes
  1353 | D:3      | Reached skill level 1 in Summonings
  1353 | D:3      | Reached skill level 1 in Necromancy
  1353 | D:3      | Reached skill level 1 in Translocations
  1353 | D:3      | Reached skill level 1 in Transmutations
  1353 | D:3      | Reached skill level 1 in Fire Magic
  1353 | D:3      | Reached skill level 1 in Ice Magic
  1353 | D:3      | Reached skill level 1 in Air Magic
  1353 | D:3      | Reached skill level 1 in Earth Magic
  1353 | D:3      | Reached skill level 1 in Poison Magic
  1505 | D:3      | Reached XP level 5. HP: 5/47 MP: 6/6
  1508 | D:3      | HP: 2/47 [poisoned by a kobold]
  1508 | D:3      | Slain by an orc

Illustrated notes

Levels and vault maps discovered:
D:1:      dpeg_arrival_round_a, layout_loops_ring,
          chequers_ecumenical_altar_island, chequers_serial_rivers_room_b,
          palyth_stone_intersect
D:2:      layout_rooms, serial_shops,
          nicolae_shop_temple_entry_statues_fountains
D:3:      minmay_octagon_keep, layout_loops_ring, gup_sewer_entry_glass

Skill      XL: |  1  2  3  4 |
---------------+-------------+-----
Invocations    | 1 |  1.4
Short Blades   | 1 |  1.3
Long Blades    | 1 |  1.3
Axes           | 1 |  1.3
Maces & Flails | 1 |  1.3
Staves         | 1 |  1.3
Slings         | 1 |  1.3
Bows           | 1 |  1.3
Crossbows      | 1 |  1.3
Throwing       | 1 |  1.3
Stealth        | 1 |  1.3
Shields        | 1 |  1.3
Unarmed Combat | 1 |  1.3
Spellcasting   | 1 |  1.3
Evocations     | 1 |  1.3
Conjurations   | 1 |  1.0
Hexes          | 1 |  1.0
Summonings     | 1 |  1.0
Necromancy     | 1 |  1.0
Translocations | 1 |  1.0
Transmutations | 1 |  1.0
Fire Magic     | 1 |  1.0
Ice Magic      | 1 |  1.0
Air Magic      | 1 |  1.0
Earth Magic    | 1 |  1.0
Poison Magic   | 1 |  1.0
Fighting       | |  6.6
Polearms       | |  6.6
Armour         | |  4.7
Dodging        | |  2.8

Action                   |  1- 3 |  4- 6 || total
-------------------------+-------+-------++-------
Melee: Spear             |    89 |     5 ||    94
       Bite              |     7 |       ||     7
       Morningstar       |     2 |    14 ||    16
  Use: Scroll            |     5 |       ||     5
       Potion            |       |     1 ||     1
Armor: Ring mail         |     6 |       ||     6
       Chain mail        |    30 |    17 ||    47
Dodge: Dodged            |    20 |     8 ||    28

Table legend: (Time is in decaauts)
 A = Elapsed time spent in this place.
 B = Non-inter-level travel time spent in this place.
 C = Inter-level travel time spent in this place.
 D = Time resting spent in this place.
 E = Time spent auto-exploring this place.
 F = Levels seen in this place.
 G = Mean time per level.
                   A        B        C        D        E       F      G
               +--------+--------+--------+--------+--------+-----+--------+
         Total |   1496 |   1452 |     44 |    127 |   1048 |   3 |  498.7 |
       Dungeon |   1496 |   1452 |     44 |    127 |   1048 |   3 |  498.7 |
               +--------+--------+--------+--------+--------+-----+--------+

Top non-repeatable levels by time:
     D:1: 786 daAuts
     D:2: 456 daAuts
     D:3: 253 daAuts
